 Dungeon Crawl Stone Soup version 0.30.1-11-g7821555f0a (webtiles) character file.

Game seed: 8872816561667310299

6899 andronian the Thaumaturge (level 10, -2/50 HPs)
             Began as a Deep Elf Conjurer on Nov 28, 2023.
             Was a Believer of Sif Muna.
             Slain by a boulder beetle (25 damage)
             ... on level 10 of the Dungeon.
             The game lasted 00:30:48 (12865 turns).

andronian the Thaumaturge (Deep Elf Conjurer)      Turns: 12865, Time: 00:30:48

Health: -2/50      AC:  4    Str:  4    XL:     10   Next: 79%
Magic:  4/30       EV: 24    Int: 28    God:    Sif Muna [**....]
Gold:   334        SH:  0    Dex: 13    Spells: 10/37 levels left

rFire   . . .        v - +1 dagger (protect)
rCold   . . .        (no shield)
rNeg    . . .        a - +0 robe
rPois   .            y - +0 helmet
rElec   .            (no cloak)
rCorr   .            e - +0 pair of gloves
SInv    .            (no boots)
Will    +....        s - amulet of the acrobat
Stlth   +++          G - +5 ring of evasion
HPRegen 0.28/turn    E - +5 ring of evasion
MPRegen 0.22/turn

%: acrobat
@: swift, very quick
A: no striking features
a: Renounce Religion, Channel Magic


You were on level 10 of the Dungeon.
You worshipped Sif Muna.
Sif Muna was pleased with you.
You visited 2 branches of the dungeon, and saw 11 of its levels.

You collected 416 gold pieces.
You spent 82 gold pieces at shops.

Inventory:

Hand Weapons
 v - a +1 dagger of protection (weapon)
Armour
 a - a +0 robe (worn)
 e - a +0 pair of gloves (worn)
 y - a +0 helmet (worn)
Jewellery
 k - a ring of resist corrosion
 o - a +4 ring of protection
 r - a +4 ring of protection
 s - an amulet of the acrobat (around neck)
 E - a +5 ring of evasion (right hand)
 G - a +5 ring of evasion (left hand)
Wands
 q - a wand of flame (19)
 F - a wand of polymorph (3)
Scrolls
 b - 3 scrolls of amnesia {unknown}
 c - 3 scrolls of fog
 h - 6 scrolls of identify
 i - 2 scrolls of blinking
 j - 6 scrolls of teleportation {unknown}
 l - a scroll of fear {unknown}
 t - a scroll of torment {unknown}
 w - a scroll of magic mapping {unknown}
 z - 2 scrolls of noise {unknown}
 A - 3 scrolls of silence {unknown}
 B - a scroll of acquirement {unknown}
 C - a scroll of summoning {unknown}
Potions
 d - 2 potions of curing
 g - a potion of degeneration
 m - 4 potions of flight
 n - 4 potions of brilliance
 p - 2 potions of attraction
 u - a potion of mutation
 x - 2 potions of berserk rage {unknown}
 D - a potion of might {unknown}
 H - 3 potions of cancellation {unknown}
 I - a potion of resistance {unknown}


   Skills:
 - Level 6.4 Dodging
 - Level 6.9 Stealth
 - Level 14.0 Spellcasting
 + Level 9.6 Conjurations
 - Level 1.7 Summonings
 - Level 6.1 Air Magic
 * Level 3.2 Invocations


You had 10 spell levels left.
You knew the following spells:

 Your Spells              Type           Power      Damage    Failure   Level
a - Searing Ray           Conj           100%       2d8       1%          2
b - Magic Dart            Conj           100%       1d8       1%          1
c - Dazzling Flash        Conj/Hex       92%        N/A       1%          3
d - Swiftness             Air            53%        N/A       1%          3
e - Airstrike             Air            26%        2d(4-20)  1%          4
f - Summon Guardian Gole  Hex/Summ       24%        N/A       5%          3
g - Iskenderun's Mystic   Conj/Tloc      46%        2d10      3%          4
h - Orb of Destruction    Conj           32%        9d10      41%         7

Your spell library contained the following spells:

 Spells                   Type           Power      Damage    Failure   Level
 Shock                    Conj/Air       100%       1d9       1%          1
 Fulminant Prism          Conj/Hex       23%        3d12      3%          4
 Spellforged Servitor     Conj/Summ      25%        N/A       92%         7


Dungeon Overview and Level Annotations

Branches:
Dungeon (10/15)            Temple (1/1) D:6            Lair (0/5) D:9
    Orc: D:9-12

Altars:
Ashenzari
Cheibriados
Dithmenos
Elyvilon
Fedhas
Gozag
Hepliaklqana
Kikubaaqudgha
Makhleb
Nemelex Xobeh
Okawaru
Qazlal
Ru
Sif Muna
Trog
Uskayaw
Vehumet
Wu Jian
Xom
Yredelemnul
Zin
The Shining One

Shops:
D:3 :?[[   D:6 (   D:8 (

Annotations:
D:4 1 exclusion


Message History

The boulder beetle curls into a ball and begins rolling!
Casting: Swiftness (safe; 1% risk of failure)
Confirm with . or Enter, or press ? or * to list all spells.
Aiming: Searing Ray (safe; 1% risk of failure)
Press: ? - help, Shift-Dir - straight line, f/p - boulder beetle
Aim: a boulder beetle (heavily wounded, rolling, 100% to hit)
The searing ray hits the boulder beetle but does no damage.
The boulder beetle is heavily wounded. (Press . to maintain the ray.)
The boulder beetle misses you.
The boulder beetle stops rolling and uncurls.
Casting: Searing Ray (safe; 1% risk of failure)
Confirm with . or Enter, or press ? or * to list all spells.
Restarting spell: Searing Ray (safe; 1% risk of failure)
Press: ? - help, Shift-Dir - straight line, f/p - boulder beetle
Aim: a boulder beetle (heavily wounded, 100% to hit)
The searing ray hits the boulder beetle but does no damage.
The boulder beetle is heavily wounded. (Press . to maintain the ray.)
The boulder beetle bites you!!
Casting: Searing Ray (safe; 1% risk of failure)
Confirm with . or Enter, or press ? or * to list all spells.
Aiming: Searing Ray (safe; 1% risk of failure)
Press: ? - help, Shift-Dir - straight line, f/p - boulder beetle
Aim: a boulder beetle (moderately wounded, ally target, 100% to hit)
The searing ray hits the boulder beetle.
The boulder beetle is heavily wounded. (Press . to maintain the ray.)
The boulder beetle bites you but does no damage.
Casting: Searing Ray (safe; 1% risk of failure)
Confirm with . or Enter, or press ? or * to list all spells.
Restarting spell: Searing Ray (safe; 1% risk of failure)
Press: ? - help, Shift-Dir - straight line, f/p - boulder beetle
Aim: a boulder beetle (moderately wounded, ally target, 100% to hit)
The searing ray hits the boulder beetle.
The boulder beetle is heavily wounded. (Press . to maintain the ray.)
The boulder beetle bites you!!
Ouch! That really hurt!
You die...

.###.......#.# ##
#.......#.###########
#.......#.##........#
####.......#.##........#
......##..##..+........#
......##[.##..#........#
.........[....#........#
...(..#.#.###°#....)...#
#####.......9B#.@......#
###.#.###°#B.......#
#.#.# #.9.....#### #...#
######### ###.# ###


You could see a boulder beetle (ally target) and a friendly guardian golem
(summoned).

Vanquished Creatures
  A two-headed ogre (D:8)
  Pikel (D:6)
  A troll (D:9)
  A hornet (D:8)
  2 shadows (D:9)
  A wyvern (D:8)
  A steam dragon (D:8)
  An acid dragon (D:9)
  A water moccasin (D:8)
  A black bear (D:5)
  4 ice beasts
  4 sky beasts
  2 ogres
  3 orc warriors
  A centaur (D:10)
  4 wolves
  A lemure (D:6)
  A phantom (D:5)
  A kobold brigand (D:6)
  4 scorpions
  A gnoll sergeant (D:10)
  2 bullfrogs
  5 wights (D:8)
  2 howler monkeys
  2 electric eels (D:9)
  5 hounds
  2 jellies
  2 gnoll boudas
  5 orc priests
  A sleepcap (D:4)
  7 iguanas
  11 orc wizards
  20 gnolls
  6 adders
  A shadow imp (D:7)
  2 white imps
  A worm (D:2)
  3 dart slugs
  29 orcs
  6 bats
  4 endoplasms
  4 giant cockroaches
  7 goblins
  12 hobgoblins
  4 jackals (D:3)
  7 kobolds
  9 quokkas
  6 ball pythons
  2 frilled lizards
204 creatures vanquished.

Vanquished Creatures (others)
  Erica (D:10)
  An orc warrior (D:8)
2 creatures vanquished.

Grand Total: 206 creatures vanquished

Notes
Turn   | Place    | Note
-------+----------+-------------------------------------------
     0 | D:1      | andronian the Deep Elf Conjurer began the quest for the
                  | Orb.
     0 | D:1      | Reached XP level 1. HP: 10/10 MP: 6/6
   295 | D:1      | Reached XP level 2. HP: 15/15 MP: 4/8
   781 | D:2      | Found a shadowy altar of Dithmenos.
   897 | D:2      | Reached XP level 3. HP: 19/19 MP: 8/10
  1167 | D:2      | Reached skill level 4 in Spellcasting
  1309 | D:2      | Learned a level 2 spell: Searing Ray
  1444 | D:2      | Reached XP level 4. HP: 24/24 MP: 6/12
  1776 | D:3      | Found Fisiukin's Magic Scroll Shop.
  1784 | D:3      | Bought a scroll of blinking for 82 gold pieces
  2125 | D:3      | Found Padwusch's Book Boutique.
  2207 | D:3      | Found Vonojeun's Armour Shop.
  2225 | D:3      | Found a faded altar of an unknown god.
  2456 | D:3      | Found a stormy altar of Qazlal.
  2730 | D:3      | Found Otrud's Armour Shop.
  2818 | D:4      | Reached skill level 5 in Conjurations
  2878 | D:4      | Noticed a sky beast
  2957 | D:4      | Identified the +5 scale mail of the Little Devil {*Slow
                  | rC++ Stlth+}
  2975 | D:4      | Reached skill level 5 in Spellcasting
  3074 | D:4      | Reached XP level 5. HP: 25/28 MP: 6/14
  3534 | D:4      | Reached XP level 6. HP: 32/32 MP: 8/16
  3590 | D:4      | Reached skill level 6 in Spellcasting
  3592 | D:4      | Killed a sky beast
  4073 | D:4      | Reached XP level 7. HP: 30/36 MP: 10/19
  4078 | D:4      | Learned a level 3 spell: Dazzling Flash
  4364 | D:5      | Entered Level 5 of the Dungeon
  4441 | D:5      | Reached skill level 5 in Stealth
  4441 | D:5      | Reached skill level 7 in Spellcasting
  4509 | D:5      | Reached skill level 5 in Dodging
  4639 | D:5      | Found a glowing silver altar of Zin.
  4710 | D:5      | Reached skill level 8 in Spellcasting
  4799 | D:5      | Found an ancient bone altar of Kikubaaqudgha.
  4889 | D:5      | Reached XP level 8. HP: 10/41 MP: 8/22
  5384 | D:5      | Reached skill level 9 in Spellcasting
  5423 | D:5      | Found a bloodstained altar of Trog.
  5619 | D:5      | Learned a level 3 spell: Swiftness
  5624 | D:5      | Learned a level 4 spell: Airstrike
  5738 | D:6      | Found Zaps's Weapon Boutique.
  5802 | D:6      | Reached skill level 1 in Air Magic
  5920 | D:6      | Noticed a torpor snail
  5922 | D:6      | Found a snail-covered altar of Cheibriados.
  6161 | D:6      | Found a staircase to the Ecumenical Temple.
  6225 | Temple   | Entered the Ecumenical Temple
  6405 | Temple   | Became a worshipper of Sif Muna the Loreminder
  6845 | D:6      | Reached skill level 10 in Spellcasting
  7064 | D:6      | Noticed Pikel
  7112 | D:6      | Killed Pikel
  7113 | D:6      | Reached XP level 9. HP: 23/45 MP: 3/25
  7663 | D:7      | Reached skill level 11 in Spellcasting
  7802 | D:7      | Reached * piety under Sif Muna
  8027 | D:7      | Reached skill level 5 in Air Magic
  8526 | D:7      | Found a burning altar of Makhleb.
  8531 | D:7      | Found an ornate altar of the Wu Jian Council.
  8531 | D:7      | Found a hide-covered altar of Uskayaw.
  8544 | D:7      | Found a hazy altar of Hepliaklqana.
  8547 | D:7      | Found a shadowy altar of Dithmenos.
  8629 | D:8      | Paralysed by a hornet for 1 turns
  8727 | D:8      | Noticed a two-headed ogre
  8825 | D:8      | Reached skill level 12 in Spellcasting
  9350 | D:7      | Learned a level 3 spell: Summon Guardian Golem
  9431 | D:8      | Killed a two-headed ogre
  9432 | D:8      | Reached skill level 13 in Spellcasting
  9432 | D:8      | Reached XP level 10. HP: 50/50 MP: 22/29
 10251 | D:8      | Found an opulent altar of Gozag.
 10313 | D:8      | Found Vilepi's Weapon Shoppe.
 10983 | D:9      | Reached ** piety under Sif Muna
 11041 | D:9      | Reached skill level 14 in Spellcasting
 11170 | D:9      | Identified the +3 cloak "Vukoamau" {Fly Int+2}
 11457 | D:9      | Identified the +0 leather armour of the Farmer {rF+ Str+2
                  | Stlth+}
 12298 | D:9      | Found a staircase to the Lair.
 12365 | D:10     | Entered Level 10 of the Dungeon
 12375 | D:9      | Learned a level 4 spell: Iskenderun's Mystic Blast
 12385 | D:9      | Learned a level 7 spell: Orb of Destruction
 12512 | D:9      | Reached skill level 1 in Summonings
 12662 | D:10     | Noticed Erica
 12682 | D:10     | Killed Erica
 12833 | D:10     | Noticed a boulder beetle
 12865 | D:10     | Slain by a boulder beetle

Illustrated notes

Levels and vault maps discovered:
D:1:      saegor_arrival_simple_b, layout_rooms, dk_noncrumbling_2,
          minmay_pentomino_x4
D:2:      layout_loops_ring, basic_altar
D:3:      layout_basic, nicolae_qazlal_eye_of_the_storm, serial_shops, shop,
          shop, nicolae_shop_pleasant_corner_grove, shop_scrolls,
          ebering_ecumenical_altar_sacrificial
D:4:      layout_loops_corners
D:5:      layout_basic, lemuel_doored_altar, mainiacjoe_overflow_big_doors,
          grunt_ministairs_1
D:6:      layout_loops_cross, cheibriados_altar_2, minmay_temple_entry_hall,
          serial_shops, shop, uniq_pikel
D:7:      layout_basic, minmay_overflow_temple_star_hex, serial_rivers,
          chequers_serial_rivers_micro_b, chequers_serial_rivers_marsh,
          chequers_serial_rivers_large_a, chequers_serial_rivers_room_b
D:8:      layout_basic, old_standard_altar, serial_shops,
          nicolae_shop_waterfront
D:9:      layout_rooms, erik_lair_island
D:10:     layout_basic, uniq_erica
Temple:   nicolae_temple_bog_church

Skill      XL: |  1  2  3  4  5  6  7  8  9 10 |
---------------+-------------------------------+-----
Stealth        | 3 4 5 6 |  6.9
Dodging        | 3 4 5 6 |  6.4
Spellcasting   | 4 5 6 8 10 13 14 | 14.0
Conjurations   | 5 6 7 8 9 |  9.6
Air Magic      | 4 5 6 |  6.1
Summonings     | 1 |  1.7
Invocations    | 3 |  3.2

Action                     |  1- 3 |  4- 6 |  7- 9 | 10-12 || total
---------------------------+-------+-------+-------+-------++-------
  Melee: Dagger            |       |       |       |     2 ||     2
   Cast: Magic Dart        |    72 |    97 |   126 |    68 ||   363
         Searing Ray       |       |    11 |   153 |   139 ||   303
         Dazzling Flash    |       |       |     1 |       ||     1
         Swiftness         |       |       |     3 |     1 ||     4
         Summon Guardian G |       |       |     2 |     9 ||    11
         Airstrike         |       |       |     2 |       ||     2
 Invoke: Channel Magic     |       |       |       |     2 ||     2
    Use: Scroll            |       |     4 |     5 |       ||     9
         Potion            |       |       |     2 |     3 ||     5
 Armour: Robe              |     1 |     4 |    20 |    20 ||    45
  Dodge: Dodged            |     2 |     8 |    43 |    86 ||   139
